 Dungeon Crawl Stone Soup version 0.29.1-13-g9f3cf754e1 (webtiles) character file.

Game seed: 4943958525431679024

8 CungeonDrawl the Firebug (level 2, 19/19 HPs)
             Began as a Demonspawn Fire Elementalist on Jan 26, 2023.
             Quit the game on level 1 of the Dungeon.
             The game lasted 00:02:22 (492 turns).

CungeonDrawl the Firebug (DsFE)                      Turns: 492, Time: 00:02:23

Health: 19/19      AC:  2    Str:  8    XL:     2   Next: 0%
Magic:  3/5        EV: 12    Int: 16    God:
Gold:   31         SH:  0    Dex: 15    Spells: 4/5 levels left

rFire   . . .      SeeInvis .   c - +0 short sword
rCold   . . .      Faith    .   (no shield)
rNeg    . . .      Spirit   .   a - +0 robe
rPois   .          Reflect  .   (no helmet)
rElec   .          Harm     .   (no cloak)
rCorr   .          Rampage  .   (no gloves)
Will    .....                   (no boots)
Stlth   +++.......              (no amulet)
HPRegen 0.06/turn               (no ring)
MPRegen 0.09/turn               (no ring)

@: no status effects
A: thin skeletal structure 1
a: no special abilities


You were on level 1 of the Dungeon.
You visited 1 branch of the dungeon, and saw 1 of its levels.

You collected 31 gold pieces.

Inventory:

Hand Weapons
 c - a +0 short sword (weapon)
Armour
 a - a +0 robe (worn)
Potions
 b - a potion of magic
 d - a potion of heal wounds {unknown}


   Skills:
 - Level 1.7 Dodging
 - Level 1.7 Stealth
 + Level 2.2 Spellcasting
 + Level 1.4 Conjurations
 + Level 2.9 Fire Magic


You had 4 spell levels left.
You knew the following spells:

 Your Spells              Type           Power      Damage    Failure   Level
a - Foxfire               Conj/Fire      32%        2x1d5     9%          1

Your spell library contained the following spells:

 Spells                   Type           Power      Damage    Failure   Level
 Scorch                   Fire           22%        2d6       10%         2
 Conjure Flame            Conj/Fire      8%         6-21      26%         3
 Inner Flame              Hex/Fire       6%         N/A       32%         3
 Flame Wave               Conj/Fire      8%         2d5       63%         4


Dungeon Overview and Level Annotations

Branches:
Dungeon (1/15)

Altars:


Innate Abilities, Weirdness & Mutations

You have a somewhat thin skeletal structure. (Dex +2, Stealth+)


Message History

The dart slug launches a dart at you. The slug dart misses you.
You conjure some foxfire!
The dart slug launches a dart at you. The slug dart hits you.
You conjure some foxfire!
The foxfire hits the dart slug.
The dart slug is moderately wounded.
The foxfire hits the dart slug.
The dart slug is severely wounded.
The foxfire hits the dart slug.
You kill the dart slug!
Your foxfire dissipates!
You open the door.
There is an open door here.
You open the door. You open the door.
Found a faded altar of an unknown god.
There is an open door here.
You open the door.
There is an open door here.
There is an open door here.
A giant cockroach comes into view.
You conjure some foxfire!
The foxfire hits the giant cockroach.
The giant cockroach is heavily wounded.
You barely miss the giant cockroach.
The giant cockroach is heavily wounded.
The giant cockroach bites you but does no damage.
You barely miss the giant cockroach.
The giant cockroach is heavily wounded.
The giant cockroach bites you but does no damage.
You hit the giant cockroach but do no damage.
The giant cockroach is heavily wounded.
The giant cockroach misses you.
You hit the giant cockroach.
You kill the giant cockroach!
You have reached level 2!
Your demonic ancestry asserts itself...
Your bones become slightly less dense.
Unknown command.
Are you sure you want to abandon this character and quit the game? (Confirm with "yes".)

#.# #...##..#
#.####......#
#...........#
##...######.#####
#.#.#.......#..#
#.#.#.#####.#..#
#...#.......#..###.###
#...######..#.........
#.### ##.##@# #>#
#.##v# #.#####.##.#
...........#
#######.#### #.# #.#
..# ###


There were no monsters in sight!

Vanquished Creatures
  A dart slug (D:1)
  An endoplasm (D:1)
  A giant cockroach (D:1)
  A goblin (D:1)
  A kobold (D:1)
5 creatures vanquished.

Vanquished Creatures (others)
  24 foxfires (D:1)
  A plant (D:1)
25 creatures vanquished.

Grand Total: 30 creatures vanquished

Notes
Turn   | Place    | Note
-------+----------+-------------------------------------------
     0 | D:1      | CungeonDrawl the Demonspawn Fire Elementalist began the
                  | quest for the Orb.
     0 | D:1      | Reached XP level 1. HP: 13/13 MP: 3/3
   460 | D:1      | Found a faded altar of an unknown god.
   492 | D:1      | Gained mutation: You have a somewhat thin skeletal
                  | structure. (Dex +2, Stealth+) [demonic ancestry]
   492 | D:1      | Reached XP level 2. HP: 19/19 MP: 3/5
   492 | D:1      | Quit the game

Illustrated notes

Levels and vault maps discovered:
D:1:      eino_arrival_druids_welcome, layout_loops_ring,
          serial_co_window_serial, co_window_corner_a,
          co_window_of_opportunity_a, co_window_paths_b, co_window_paths_a,
          co_window_of_opportunity_a, co_window_broadway_c, co_window_paths_c,
          co_window_2corner, glass_columns_a,
          hellmonk_ecumenical_altar_heavens_door

Action                   || total
-------------------------++-------
Melee: Short sword       ||     5
       Unarmed           ||     1
 Cast: Foxfire           ||    14
Armor: Robe              ||     3
Dodge: Dodged            ||    10
